cohdb
Replays
Latest Replays
All Replays
Popular Replays
Top Player Replays
Match Explorer
How It Works
Community
CoH3 Stats
Reddit
Sign in to upload your games and track your stats! →
Sign in with Steam
Match 25121208
Unlisted
Match 25121208
Overview
Messages
Build Orders
End
Construct Barracks
Riflemen Squad
M1 Mortar Team
Selects Special Operations Battlegroup
Riflemen Squad
Riflemen Squad
Selects M29 Weasel with M1 Pack Howitzer
Construct Weapon Support Center
Bazooka Squad
Construct Medical Station
Air Support Center
Scout Squad
Grenade Package
Construct Motor Pool
M1 Anti-tank Gun Team
Selects P-47 Anti-Infantry Loiter
P-47 Anti-Infantry Loiter
M24 Chaffee Light Tank
Engineer Squad
Bazooka Squad
M1918 Browning Automatic Rifles
P-47 Anti-Infantry Loiter
Selects M4A1 Sherman Whizbang
M4A1 Sherman Whizbang
Selects Smoke Screen
Selects SSF Commando Squad
SSF Commando Squad
P-47 Anti-Infantry Loiter
M4A1 Sherman Whizbang
M29 Weasel with M1 Pack Howitzer
Mortar Pit
Selects Assault Operation
Grasshopper Recon Run
ちおんまこさら
CptStoobing
TidaL
我家有隻小菊貓
OCTAVOR1
MonteLaDifensa
0
0
Comments
sign in to comment!
No comments posted yet!